 Dungeon Crawl Stone Soup version 0.31-a0-277-g31ea1f65cc (webtiles) character file.

Game seed: 16344091007982172411

5919 Gelion the Grappler (level 10, 0/92 HPs)
             Began as a Troll Shapeshifter on July 16, 2023.
             Was an Elder of Okawaru.
             Slain by a black bear (2 damage)
             ... on level 9 of the Dungeon.
             The game lasted 00:17:46 (6980 turns).

Gelion the Grappler (Troll Shapeshifter)            Turns: 6980, Time: 00:17:47

Health: 0/92       AC:  3    Str: 31    XL:     10   Next: 53%
Magic:  12/12      EV: 30    Int:  7    God:    Okawaru [****..]
Gold:   497        SH:  0    Dex: 14    Spells: 9/9 levels left

rFire   + .          .
                       - Unarmed
rCold   . . .        (shield currently unavailable)
rNeg    . . .        a - +1 animal skin
rPois   .            (helmet restricted)
rElec   .            (no cloak)
rCorr   .            (gloves unavailable)
SInv    .            (boots unavailable)
Will    .....        E - amulet of the acrobat
Stlth   +            n - +5 ring of evasion
HPRegen 1.15/turn    G - ring "Enytutt" {rF+ Str+6 Int+3}
MPRegen 0.13/turn

%: acrobat
@: lethally poisoned (0 -> 0), blade hands, acrobatic
A: reduced hp, large, unfitting armour, claws 3, regeneration 1, shaggy fur 1,
tough skin 1
a: Begin Untransformation, Renounce Religion, Heroism, Finesse


You were on level 9 of the Dungeon.
You worshipped Okawaru.
Okawaru was greatly pleased with you.
You had blades for hands.
You visited 2 branches of the dungeon, and saw 10 of its levels.
You also visited: Ossuary.

You collected 497 gold pieces.

Inventory:

Missiles
 I - 3 throwing nets
Armour
 a - a +1 animal skin (worn)
Jewellery
 i - a ring of protection from fire
 n - a +5 ring of evasion (left blade hand)
 u - a ring of protection from cold
 D - a ring of willpower
 E - an amulet of the acrobat (around neck)
 G - the ring "Enytutt" (right blade hand) {rF+ Str+6 Int+3}
   (You found it on level 7 of the Dungeon)

   [ring of strength]

   Str:       It affects your strength (+6).
   Int:       It affects your intelligence (+3).
   rF:        It protects you from fire.
Talismans
 z - a serpent talisman
 F - a blade talisman
Wands
 l - a wand of mindburst (18)
 A - a wand of acid (10)
Scrolls
 f - a scroll of poison
 j - 2 scrolls of fog
 p - 3 scrolls of enchant armour
 q - 4 scrolls of teleportation
 r - a scroll of blinking
 s - a scroll of immolation
 y - a scroll of revelation
 H - a scroll of fear
Potions
 b - 2 potions of lignification
 d - a potion of cancellation {unknown}
 e - 4 potions of heal wounds
 g - a potion of berserk rage {unknown}
 k - 4 potions of curing
 m - a potion of degeneration {unknown}
 o - 4 potions of brilliance
 t - 2 potions of haste {unknown}
 v - 4 potions of might
 w - 3 potions of invisibility
 x - a potion of mutation {unknown}
 C - a potion of ambrosia {unknown}


   Skills:
 + Level 5.6 Fighting
 - Level 2.0 Dodging
 * Level 9.6 Unarmed Combat
 + Level 5.2 Invocations
 * Level 8.5 Shapeshifting


You had 9 spell levels left.
You didn't know any spells.
Your spell library contained the following spells:

 Spells                   Type           Power      Damage    Failure   Level
 Foxfire                  Conj/Fire      0%         2x1d4     83%         1
 Sublimation of Blood     Necr           0%         N/A       90%         2
 Frozen Ramparts          Ice            0%         1d1       98%         3
 Petrify                  Tmut/Erth      0%         N/A       100%        4
 Irradiate                Conj/Tmut      0%         3d11      100%        5
 Metabolic Englaciation   Hex/Ice        0%         N/A       100%        5
 Plasma Beam              Fire/Air       0%         2x1d10    100%        6
 Starburst                Conj/Fire      0%         6d3       100%        6


Dungeon Overview and Level Annotations

Branches:
Dungeon (9/15)             Temple (1/1) D:4         Ossuary (visited)
   Lair: D:8-11         Orc: D:9-12

Altars:
Ashenzari
Cheibriados
Dithmenos
Elyvilon
Fedhas
Gozag
Hepliaklqana
Kikubaaqudgha
Nemelex Xobeh
Okawaru
Qazlal
Ru
Sif Muna
Trog
Uskayaw
Wu Jian
Yredelemnul
Zin
The Shining One


Innate Abilities, Weirdness & Mutations

You have blades for hands.
Your maximum health is decreased, since you lack skill for your form.
Your spellcasting is less reliable in this form.
You are incapable of wielding weapons or throwing items.
You are too large for most types of armour.
You have claws for hands.
Your natural rate of healing is unusually fast.
You are covered in fur. (AC +1)
You have tough skin. (AC +1)


Message History

You kill the wyvern!
Okawaru accepts your kill.
A black bear comes into view.
Things that are here:
a wyvern corpse; a water moccasin corpse A scorpion comes into view.
The sentinel's mark upon you fades away.
The scorpion moves out of view.
There is an open door, spattered with blood here.
The scorpion stings you.
* * * LOW HITPOINT WARNING * * *
The black bear completely misses you. The black bear closely misses you.
The black bear completely misses you.
You barely miss the scorpion. The scorpion stings you.
* * * LOW HITPOINT WARNING * * *
You are poisoned.
The scorpion poisons you! The black bear completely misses you.
The black bear misses you. The black bear claws you.
* * * LOW HITPOINT WARNING * * *
The black bear attacks as you move away!
The black bear bites you but does no damage.
The black bear claws you.
* * * LOW HITPOINT WARNING * * *
The black bear claws you.
* * * LOW HITPOINT WARNING * * *
You feel very sick. The scorpion misses you.
The black bear attacks as you move away!
The black bear completely misses you. The black bear barely misses you.
The black bear claws you.
* * * LOW HITPOINT WARNING * * *
You feel sick. The scorpion completely misses you.
You feel sick. The scorpion misses you.
The black bear attacks as you move away!
The black bear bites you.
* * * LOW HITPOINT WARNING * * *
The black bear claws you.
* * * LOW HITPOINT WARNING * * *
The black bear claws you.
You die...

#.l..... ..# ....
.#.. #+###'###'##
#...#......#
#..†'†..†..# #
#...#####.....#
#.....#.....#####.#
#.#...#.hs#.....# #
#....h)@.<.##
#..#######.# #. .#
# .. ... ...# ...#
...#


You could see 2 black bears and a scorpion.

Vanquished Creatures
  A two-headed ogre (D:9)
  Pikel (D:5)
  A troll (D:7)
  3 wyverns (D:9)
  Menkaure (D:5)
  2 water moccasins
  2 ice beasts
  2 orc warriors
  7 sky beasts
  7 ogres
  A phantom (D:7)
  A kobold brigand (D:7)
  Blork the orc (D:4)
  4 bullfrogs
  4 gnoll sergeants
  3 scorpions
  A wight (D:7)
  3 killer bees (D:8)
  3 howler monkeys
  A jelly (D:4)
  5 orc priests
  4 hounds
  A gnoll bouda (D:6)
  Ijyb (D:5)
  Jessica (D:2)
  5 iguanas
  5 orc wizards
  3 mummies (Ossuary)
  22 gnolls
  8 adders
  4 river rats (D:7)
  3 shadow imps
  6 white imps
  An ufetubus (D:4)
  4 adder zombies (Ossuary)
  3 worms
  2 dart slugs (D:1)
  21 orcs
  9 ball pythons
  9 endoplasms
  A giant cockroach (D:4)
  3 goblins
  4 hobgoblins
  4 quokkas
  2 bats
  6 frilled lizards
  4 goblin zombies (Ossuary)
  4 hobgoblin zombies (Ossuary)
  10 kobolds
  3 kobold zombies (Ossuary)
  A quokka zombie (Ossuary)
  6 rats
  2 rat zombies (Ossuary)
216 creatures vanquished.

Notes
Turn   | Place    | Note
-------+----------+-------------------------------------------
     0 | D:1      | Gelion the Troll Shapeshifter began the quest for the Orb.
     0 | D:1      | Reached XP level 1. HP: 19/19 MP: 0/0
   200 | D:1      | Reached XP level 2. HP: 27/28 MP: 1/1
   796 | D:2      | Reached XP level 3. HP: 31/35 MP: 2/2
  1005 | D:2      | Reached skill level 3 in Unarmed Combat
  1005 | D:2      | Reached XP level 4. HP: 33/42 MP: 3/3
  1081 | D:2      | Noticed Jessica
  1088 | D:2      | Killed Jessica
  1182 | D:2      | You fall into a shaft and drop 1 floor!
  1387 | D:2      | Found a faded altar of an unknown god.
  1671 | D:3      | Reached XP level 5. HP: 44/49 MP: 4/4
  2281 | D:4      | Found a staircase to the Ecumenical Temple.
  2292 | Temple   | Entered the Ecumenical Temple
  2298 | Temple   | Became a worshipper of Warmaster Okawaru
  2463 | D:4      | Reached skill level 4 in Unarmed Combat
  2488 | D:4      | Reached XP level 6. HP: 59/59 MP: 5/5
  2502 | D:4      | Found an ancient bone altar of Kikubaaqudgha.
  2745 | D:4      | Reached skill level 1 in Invocations
  2860 | D:4      | Found a glowing silver altar of Zin.
  2860 | D:4      | Noticed Blork the orc
  2863 | D:4      | Killed Blork the orc
  2863 | D:4      | Reached * piety under Okawaru
  2873 | D:4      | Found a stormy altar of Qazlal.
  2942 | D:5      | Entered Level 5 of the Dungeon
  2959 | D:5      | Reached XP level 7. HP: 66/66 MP: 5/7
  3016 | D:5      | Reached skill level 5 in Unarmed Combat
  3048 | D:5      | Noticed Pikel
  3074 | D:5      | Found a sand-covered staircase.
  3082 | Ossuary  | Entered an ossuary
  3091 | Ossuary  | Reached skill level 5 in Shapeshifting
  3275 | D:5      | Killed Pikel
  3275 | D:5      | Reached ** piety under Okawaru
  3276 | D:5      | Reached skill level 6 in Unarmed Combat
  3276 | D:5      | Reached XP level 8. HP: 73/75 MP: 8/8
  3569 | D:5      | Noticed Menkaure
  3577 | D:5      | Killed Menkaure
  3760 | D:5      | Noticed Ijyb
  3765 | D:5      | Killed Ijyb
  4040 | D:6      | Reached skill level 7 in Unarmed Combat
  4184 | D:6      | Reached *** piety under Okawaru
  4185 | D:6      | Reached XP level 9. HP: 84/84 MP: 10/10
  4917 | D:7      | Identified the ring "Enytutt" {rF+ Str+6 Int+3}
  5451 | D:7      | Noticed a troll
  5476 | D:7      | Killed a troll
  5477 | D:7      | Reached skill level 8 in Unarmed Combat
  5525 | D:7      | Reached **** piety under Okawaru
  5541 | D:7      | Reached skill level 5 in Fighting
  5703 | D:7      | Reached XP level 10. HP: 96/96 MP: 12/12
  6323 | D:8      | Reached skill level 9 in Unarmed Combat
  6874 | D:9      | Noticed a two-headed ogre
  6880 | D:9      | Killed a two-headed ogre
  6881 | D:9      | Reached skill level 5 in Invocations
  6980 | D:9      | HP: 4/92 [black bear (4)]
  6980 | D:9      | Slain by a black bear

Illustrated notes

Levels and vault maps discovered:
D:1:      minmay_arrival_solitary_statue, layout_basic, solitary_fountain,
          corexii_hall_statues_x, minmay_tetromino_t4
D:2:      layout_rooms, shapermc_ecumenical_altar_notcrosses, kennysheep_potato,
          uniq_jessica
D:3:      layout_basic, hangedman_abyss_or_decor_lesser_grid
D:4:      layout_rooms, mainiacjoe_overflow_small_starburst,
          mainiacjoe_overflow_swirl, minmay_temple_entry_purple_smoke,
          kennysheep_generic_room_10, uniq_blork_the_orc
D:5:      layout_basic, enter_ossuary_1, uniq_menkaure, uniq_ijyb, uniq_pikel
D:6:      layout_loops_ring, minmay_misc_feat_five
D:7:      wad_woods_tower, layout_gridville, minmay_joined_circles
D:8:      nicolae_cairo_tiling_large_dashed, layout_rooms
D:9:      layout_stronghold, nicolae_vehumet_radiance, kennysheep_mini_moat,
          mainiacjoe_overflow_24_doors, minmay_lair_entry_grove
Temple:   eino_temple_rhombus

Skill      XL: |  1  2  3  4  5  6  7  8  9 10 |
---------------+-------------------------------+-----
Fighting       | 2 3 4 5 |  5.6
Dodging        | 2 |  2.0
Unarmed Combat | 3 4 6 7 8 9 |  9.6
Shapeshifting  | 4 5 6 7 8 |  8.5
Invocations    | 1 2 3 4 5 |  5.2

Action                     |  1- 3 |  4- 6 |  7- 9 | 10-12 || total
---------------------------+-------+-------+-------+-------++-------
  Melee: Unarmed           |    71 |   117 |   247 |   116 ||   551
         Punch             |     1 |       |    13 |     8 ||    22
 Invoke: Heroism           |       |       |     1 |     1 ||     2
         Finesse           |       |       |       |     1 ||     1
    Use: Scroll            |       |       |       |    17 ||    17
   Stab: Sleeping          |     1 |     1 |     2 |       ||     4
 Armour: Animal skin       |    25 |    16 |    23 |    14 ||    78
  Dodge: Dodged            |    33 |    70 |   143 |   101 ||   347
   Form: Blade             |       |       |       |     1 ||     1

Table legend: (Time is in decaauts)
 A = Elapsed time spent in this place.
 B = Non-inter-level travel time spent in this place.
 C = Inter-level travel time spent in this place.
 D = Time resting spent in this place.
 E = Time spent auto-exploring this place.
 F = Levels seen in this place.
 G = Mean time per level.
                   A        B        C        D        E       F      G
               +--------+--------+--------+--------+--------+-----+--------+
         Total |   6917 |   6579 |    338 |    116 |   5087 |  11 |  628.8 |
       Dungeon |   6577 |   6247 |    330 |    116 |   4865 |   9 |  730.8 |
        Temple |    162 |    154 |      8 |      0 |    137 |   1 |  162.0 |
       Ossuary |    177 |    177 |      0 |      0 |     85 |   1 |  177.0 |
               +--------+--------+--------+--------+--------+-----+--------+

Top non-repeatable levels by time:
     D:7: 1332 daAuts
     D:6: 866 daAuts
     D:3: 859 daAuts
     D:1: 787 daAuts
     D:5: 768 daAuts
     D:8: 741 daAuts
     D:2: 592 daAuts
     D:4: 529 daAuts
 Ossuary: 177 daAuts
  Temple: 162 daAuts
     D:9: 100 daAuts
